 Dungeon Crawl Stone Soup version 0.31-a0-149-g3fdcc5976a (webtiles) character file.

Game seed: 6360274820802281730

159 qw the Shooter (level 5, -1/46 HPs)
             Began as a Minotaur Hunter on June 7, 2023.
             Slain by an orc priest
             ... wielding a +0 flail
              (9 damage)
             ... on level 3 of the Dungeon.
             The game lasted 00:01:13 (3004 turns).

qw the Shooter (Minotaur Hunter)                    Turns: 3004, Time: 00:01:13

Health: -1/46      AC:  2    Str: 16    XL:     5   Next: 17%
Magic:  4/4        EV: 12    Int:  6    God:
Gold:   130        SH:  0    Dex: 15    Spells: 4/4 levels left

rFire   . . .        Y - +0 shortbow
rCold   . . .        (shield currently unavailable)
rNeg    + + .        g - +0 robe of Refuge {Will+}
rPois   .            (helmet restricted)
rElec   .            (no cloak)
rCorr   .            (no gloves)
SInv    .            (no boots)
Will    +....        (no amulet)
Stlth   ++           k - ring of positive energy
HPRegen 0.27/turn    b - ring of positive energy
MPRegen 0.09/turn

%: no passive effects
@: about to teleport, hasted (expiring), very quick
A: horns 2, retaliatory headbutt
a: no special abilities


You were on level 3 of the Dungeon.
You visited 1 branch of the dungeon, and saw 4 of its levels.

You collected 130 gold pieces.


Innate Abilities, Weirdness & Mutations

You have a pair of horns on your head.
You reflexively headbutt those who attack you in melee.


   Skills:
 - Level 4.0 Fighting
 + Level 6.5 Ranged Weapons
 - Level 2.1 Dodging
 - Level 0.7 Stealth


You had 4 spell levels left.
You didn't know any spells.
Your spell library was empty.

Inventory:

Hand Weapons
 Y - a +0 shortbow (weapon)
Armour
 g - the +0 robe of Refuge (worn) {Will+}
   (You found it on level 2 of the Dungeon)

   Will:      It increases your willpower.
 i - a +0 ring mail
Jewellery
 b - a ring of positive energy (right hand)
 k - a ring of positive energy (left hand)
Scrolls
 a - a scroll of identify
Potions
 d - a potion of curing
 e - a potion of heal wounds {unknown}
 f - a potion of brilliance {unknown}
 h - a potion of berserk rage {unknown}
 j - a potion of haste

Dungeon Overview and Level Annotations

Branches:
Dungeon (4/15)
 Temple: D:4-7

Altars:
Ashenzari

Annotations:
D:4 Menkaure, Pikel


Message History

Enter note:
Enter note:
Enter note:
Enter note:
Enter note: You shoot an arrow.
The arrow barely misses the orc priest.
The lemure closely misses you. The orc priest completely misses you.
You furiously retaliate!
You headbutt the orc priest!
The orc priest calls upon Beogh to heal the orc priest.
The orc priest is healed somewhat.
You shoot an arrow.
The arrow closely misses the orc priest.
Your extra speed is starting to run out.
You shoot an arrow.
The arrow closely misses the orc priest.
The lemure hits you! The orc priest misses you.
The orc priest closely misses you. You furiously retaliate!
You headbutt the orc priest, but do no damage.
You shoot an arrow.
The arrow hits the orc priest but does no damage.
The orc priest is moderately wounded.
The lemure hits you but does no damage.
The orc priest begins to cast a cantrip, but forgets the words!
The orc priest hits you with a +0 flail!
3002 ||| READING scroll of teleportation.
As you read the scroll of teleportation, it crumbles to dust.
You feel strangely unstable.
You shoot an arrow.
The arrow hits the orc priest but does no damage.
The orc priest is moderately wounded.
The lemure barely misses you. You furiously retaliate!
You headbutt the lemure.
The orc priest calls down the wrath of Beogh upon you.
You resist with some effort.
The orc priest hits you with a +0 flail.
You shoot an arrow.
The arrow hits the orc priest but does no damage.
The orc priest is moderately wounded.
The lemure hits you but does no damage. The orc priest misses you.
The orc priest hits you with a +0 flail!
You die...

#....~.~~~~_7~~~~.# #...........
#.....~~~~.7.~~~~.###.##........
#.....~~~~~~~~~~....#.##........
#....~~~~~~~~~~~~..##...........
#.....~~~~~~~~~~.......#........
#####.~....~~~.~...##.##........
#~.....~~....~..#.##........
###########5#####.##........
#@o.....##########
###o#####.........#
#.................#
######.##.####)........#
#.........####.........##
#......................#¤
#........#.........#####¤
#........#.........# #¤
#.)).....#.........# ##


You could see a lemure and 2 orc priests.

Vanquished Creatures
  7 adders
  3 worms (D:3)
  A dart slug (D:3)
  6 orcs (D:3)
  8 ball pythons
  7 endoplasms
  3 giant cockroaches
  4 goblins
  2 hobgoblins
  8 jackals
  4 quokkas
  6 bats
  6 frilled lizards
  10 kobolds
  2 rats (D:2)
77 creatures vanquished.

Notes
Turn   | Place    | Note
-------+----------+-------------------------------------------
     0 | D:1      | qw the Minotaur Hunter began the quest for the Orb.
     0 | D:1      | Reached XP level 1. HP: 18/18 MP: 0/0
     0 | D:1      | 0 ||| qw: Version: 0.2-a-117-gc6b5c8b
     0 | D:1      | 0 ||| qw: Game counter: 2660
     0 | D:1      | 0 ||| qw: Always use a shield: true
     0 | D:1      | 0 ||| qw: God list: Okawaru
     0 | D:1      | 0 ||| qw: Allow faded altars: false
     0 | D:1      | 0 ||| qw: Do Orc after D:15 true
     0 | D:1      | 0 ||| qw: Do second Lair branch before Depths: true
     0 | D:1      | 0 ||| qw: Lair rune preference: random
     0 | D:1      | 0 ||| qw: Plans: Normal
     0 | D:1      | 0 ||| PLANNING D:1-11
   258 | D:1      | Reached XP level 2. HP: 25/25 MP: 1/1
   259 | D:1      | Reached skill level 5 in Ranged Weapons
   461 | D:1      | Reached skill level 3 in Fighting
   777 | D:1      | Reached XP level 3. HP: 31/31 MP: 2/2
  1102 | D:1      | 1102 ||| DROPPING +6 ring of intelligence.
  1103 | D:1      | 1103 ||| READING scroll labelled ALINU ADIZ.
  1104 | D:1      | 1104 ||| DROPPING scroll of butterflies.
  1106 | D:1      | 1106 ||| Stepping ~*~*~tactically~*~*~ (cloud).
  1503 | D:2      | Reached XP level 4. HP: 36/38 MP: 3/3
  1530 | D:2      | Identified the +0 robe of Refuge {Will+}
  1592 | D:2      | Reached skill level 6 in Ranged Weapons
  1900 | D:2      | 1900 ||| UPGRADING to +0 robe of Refuge {Will+}.
  1910 | D:2      | 1910 ||| DROPPING +0 leather armour.
  1911 | D:2      | 1911 ||| UPGRADING to ring of positive energy.
  1912 | D:2      | 1912 ||| READING 2 scrolls labelled IZXIPS RIGU.
  1913 | D:2      | 1913 ||| READING scroll labelled TIBLAH OMMY.
  1917 | D:2      | 1917 ||| READING scroll labelled ATHURO UTTY.
  1918 | D:2      | 1918 ||| DRINKING 2 purple potions.
  1919 | D:2      | 1919 ||| DROPPING potion of invisibility.
  1984 | D:3      | Found a faded altar of an unknown god.
  2592 | D:3      | Found a broken altar of Ashenzari.
  2653 | D:3      | Reached XP level 5. HP: 38/46 MP: 4/4
  2951 | D:3      | 2951 ||| UPGRADING to ring of positive energy.
  2952 | D:3      | 2952 ||| READING 2 scrolls labelled SILOTA CANENK.
  2953 | D:3      | 2953 ||| DRINKING 2 fuming dark potions.
  2954 | D:3      | 2954 ||| READING 2 scrolls of identify.
  2954 | D:3      | 2954 ||| IDENTIFYING brown potion
  2955 | D:3      | 2955 ||| DROPPING scroll of fog.
  2990 | D:4      | Noticed Menkaure
  2990 | D:4      | Noticed Pikel
  2990 | D:4      | Noticed a lemure
  2990 | D:4      | Noticed a lemure
  2990 | D:4      | Noticed a lemure
  2990 | D:4      | Noticed a lemure
  2996 | D:4      | 2996 ||| STAIRDANCE
  3001 | D:3      | HP: 10/46 [orc priest/+0 flail (8)]
  3002 | D:3      | 3002 ||| READING scroll of teleportation.
  3004 | D:3      | Slain by an orc priest

Levels and vault maps discovered:
D:1:      dpeg_arrival_water_fire, layout_loops_corners
D:2:      layout_loops_ring
D:3:      layout_basic, mainiacjoe_overflow_alcove_4,
          chequers_ecumenical_altar_island, hex_large, dk_noncrumbling_2,
          nicolae_wormholes
D:4:      layout_cave_pools, nicolae_elemental_shop, minmay_manual_monstrance,
          uniq_menkaure, uniq_eustachio, uniq_blork_the_orc, uniq_pikel

Skill      XL: |  1  2  3  4 |
---------------+-------------+-----
Ranged Weapons | 5 6 |  6.5
Fighting       | 3 4 |  4.0
Dodging        | |  2.1
Stealth        | |  0.7

Action                     |  1- 3 |  4- 6 || total
---------------------------+-------+-------++-------
   Fire: Shortbow          |   102 |   138 ||   240
    Use: Scroll            |     1 |     6 ||     7
         Potion            |       |     2 ||     2
 Armour: Leather armour    |    12 |     1 ||    13
         Robe              |       |     8 ||     8
  Dodge: Dodged            |    35 |    32 ||    67

Table legend:
 A = Non-vault XP
 B = Vault XP
 C = Vault XP percentage of total XP
 D = Non-vault monster count
 E = Vault monster count
 F = Vault count percentage of total count
                 A         B        C        D         E       F
            +---------+---------+-------+---------+---------+-------
      Total |     213 |      15 |   6.6 |      74 |       3 |   3.9
            +---------+---------+-------+---------+---------+-------
        D:1 |      41 |       0 |   0.0 |      25 |       0 |   0.0
        D:2 |      80 |       0 |   0.0 |      22 |       0 |   0.0
        D:3 |      90 |      15 |  14.3 |      26 |       3 |  10.3
        D:4 |       2 |       0 |   0.0 |       1 |       0 |   0.0
            +---------+---------+-------+---------+---------+-------
